 Dungeon Crawl Stone Soup version 0.26-a0-651-gb41185065b (webtiles) character file.

Game seed: 9466244597381045990

2047 Apogee the Fighter (level 9, -8/77 HPs)
             Began as a Gnoll Wanderer on Oct 29, 2020.
             Was a Follower of Sif Muna.
             Mangled by a wight
             ... wielding a cursed +5 spear
              (11 damage)
             ... on level 6 of the Dungeon.
             The game lasted 00:12:41 (6754 turns).

Apogee the Fighter (Gnoll Wanderer)                 Turns: 6754, Time: 00:12:41

Health: -8/77      AC:  7    Str: 20    XL:     9   Next: 24%
Magic:  15/15      EV: 12    Int: 11    God:    Sif Muna [*.....]
Gold:   577        SH:  0    Dex: 16    Spells: 16/16 levels left

rFire    + . .     SeeInvis .   a - +2 whip (flame)
rCold    + . .     Faith    .   (no shield)
rNeg     . . .     Spirit   .   k - +0 scale mail
rPois    .         Reflect  .   (no helmet)
rElec    .         Harm     .   w - scarf {rC+ rF+}
rCorr    .         Rampage  .   (no gloves)
MR       .....                  (no boots)
Stlth    +.........             (no amulet)
HPRegen  0.22/turn              (no ring)
MPRegen  0.14/turn              (no ring)

@: mighty, lethally poisoned (-8 -> -10), lightly drained
A: distributed training, fangs 1, strong nose
a: Channel Magic, Renounce Religion


You were on level 6 of the Dungeon.
You worshipped Sif Muna.
Sif Muna was aware of your devotion.
You visited 2 branches of the dungeon, and saw 9 of its levels.

You collected 577 gold pieces.

Inventory:

Hand Weapons
 a - a +2 whip of flaming (weapon)
   (You took it off a kobold on level 1 of the Dungeon)
 b - a +0 shortbow
   (You took it off a centaur on level 5 of the Dungeon)
 d - a +2 mace
Missiles
 l - 6 boomerangs
 x - 10 poisoned darts (quivered)
 C - 44 arrows
 K - 2 throwing nets {!f}
Armour
 k - a +0 scale mail (worn)
   (You found it on level 1 of the Dungeon)
 s - a +0 cloak
   (You found it on level 2 of the Dungeon)
 w - a scarf of resistance (worn)
   (You found it on level 3 of the Dungeon)
 B - a +0 ring mail
Jewellery
 q - a cursed ring of attention {unknown}
   (You found it on level 2 of the Dungeon)
 E - an uncursed ring of stealth {unknown}
   (You found it on level 2 of the Dungeon)
 H - an uncursed ring of ice {unknown}
   (You found it on level 6 of the Dungeon)
 I - an uncursed ring of protection from cold {unknown}
   (You found it on level 6 of the Dungeon)
Wands
 t - a wand of flame (20)
   (You found it on level 4 of the Dungeon)
 u - a wand of paralysis (9)
   (You found it on level 8 of the Dungeon)
 A - a wand of enslavement (7)
   (You found it on level 5 of the Dungeon)
Scrolls
 f - 3 scrolls of teleportation {unknown}
 i - 6 scrolls of identify {unknown}
 j - a scroll of enchant weapon {unknown}
 m - 4 scrolls of remove curse {unknown}
 p - a scroll of magic mapping {unknown}
 v - a scroll of fear {unknown}
 y - 3 scrolls of noise {unknown}
 F - 2 scrolls of amnesia {unknown}
 G - a scroll of fog {unknown}
 L - a scroll of holy word {unknown}
Potions
 c - a potion of lignification {!q}
 e - 4 potions of haste {unknown}
 g - 2 potions of might
 h - a potion of stabbing {unknown}
 n - a potion of degeneration {unknown}
 o - a potion of heal wounds {unknown}
 r - 4 potions of curing {unknown}
 z - a potion of ambrosia {unknown}
 D - a potion of cancellation {unknown}
 J - a potion of brilliance {unknown}
 M - a potion of flight {unknown}


   Skills:
 + Level 9.5(9.0) Fighting
 + Level 4.0(3.6) Short Blades
 + Level 4.0(3.6) Long Blades
 + Level 4.0(3.6) Axes
 + Level 6.2(5.7) Maces & Flails
 + Level 4.0(3.6) Polearms
 + Level 4.0(3.6) Staves
 + Level 4.0(3.6) Slings
 + Level 4.0(3.6) Bows
 + Level 4.0(3.6) Crossbows
 + Level 4.0(3.6) Throwing
 + Level 6.2(5.7) Armour
 + Level 4.0(3.6) Dodging
 + Level 4.0(3.6) Stealth
 + Level 6.2(5.7) Shields
 + Level 4.0(3.6) Unarmed Combat
 + Level 4.0(3.6) Spellcasting
 + Level 3.3(2.9) Conjurations
 + Level 3.3(2.9) Hexes
 + Level 3.3(2.9) Summonings
 + Level 3.3(2.9) Necromancy
 + Level 3.3(2.9) Translocations
 + Level 3.3(2.9) Transmutations
 + Level 3.3(2.9) Fire Magic
 + Level 3.3(2.9) Ice Magic
 + Level 3.3(2.9) Air Magic
 + Level 3.3(2.9) Earth Magic
 + Level 3.3(2.9) Poison Magic
 + Level 4.4(4.0) Invocations
 + Level 4.0(3.6) Evocations


You had 16 spell levels left.
You didn't know any spells.
Your spell library contained the following spells:

 Spells                   Type           Power        Failure   Level
 Sandblast                Erth           #.....       19%         1
 Passwall                 Tmut/Erth      #.......     28%         2
 Stone Arrow              Conj/Erth      #.....       50%         3
 Petrify                  Tmut/Erth      #.......     88%         4
 Lee's Rapid Deconstruct  Erth           #.........   99%         5


Dungeon Overview and Level Annotations

Branches:
Dungeon (8/15)             Temple (1/1) D:4
   Lair: D:8-11

Altars:
Elyvilon
Fedhas
Kikubaaqudgha
Sif Muna
Trog
Vehumet
Xom
Yredelemnul

Shops:
D:4 [

Annotations:
D:8 Joseph


Innate Abilities, Weirdness & Mutations

Your experience applies equally to all skills.
You have very sharp teeth.
Your uncanny sense of smell can sniff out nearby items.


Message History

You hit the worker ant but do no damage.
You feel sick. The worker ant completely misses you.
You hit the worker ant but do no damage.
You feel sick. The worker ant bites you.
You whack the worker ant! You burn the worker ant.
You feel sick. The wight hits you but does no damage. The worker ant bites you.
You hit the worker ant. You burn the worker ant.
The worker ant closely misses you. The wight barely misses you.
You hit the worker ant but do no damage.
You feel sick.
The worker ant bites you but does no damage.
You barely miss the worker ant.
The wight hits you from afar with a cursed +5 spear.
The worker ant closely misses you.
You hit the worker ant. You burn the worker ant.
You kill the worker ant!
Sif Muna accepts your kill.
You feel sick.
The wight hits you from afar with a cursed +5 spear.
You hit the wight but do no damage. Your bite misses the wight.
You feel sick. The wight misses you.
The wight hits you from afar with a cursed +5 spear.
You completely miss the wight. You bite the wight, but do no damage.
The wight hits you but does no damage. The wight closely misses you.
You hit the wight but do no damage.
You feel sick.
The wight hits you with a cursed +0 falchion.
The wight hits you from afar with a cursed +5 spear.
* * * LOW HITPOINT WARNING * * *
You hit the wight but do no damage. You hit the wight. You burn the wight.
The wight hits you from afar with a cursed +5 spear!
* * * LOW HITPOINT WARNING * * *
The wight misses you.
It was a potion of might.
You feel very mighty all of a sudden.
You feel sick.
The wight hits you from afar with a cursed +5 spear.
* * * LOW HITPOINT WARNING * * *
The wight misses you.
You whack the wight! You burn the wight. The wight barely misses you. x2
You whack the wight! You burn the wight.
You destroy the wight!
Sif Muna accepts your kill.
You feel sick. The wight barely misses you.
Things that are here:
a cursed +0 falchion; a +0 robe The wight hits you with a +4 morningstar!
* * * LOW HITPOINT WARNING * * *
The wight hits you with a cursed +5 spear!
You die...

..#.)|...## ..
##..## #.#......#
..# ##..#
.........# ..#
##.#
............# #.#
####..#####.#
###.## ...# #
#....# ..#...
####....# .####.#
#z)..>..#
.########@##....#
#.......z##....#
.........######
........##
........#
#.......#
#.......#
#.......#
#.......#


You could see 2 wights.

Vanquished Creatures
  Menkaure (D:2)
  3 ice beasts
  A sky beast (D:5)
  An ogre (D:7)
  2 centaurs (D:5)
  A necrophage (D:7)
  3 big kobolds
  A gnoll sergeant (D:6)
  A wight (D:6)
  2 bullfrog zombies
  A hound (D:5)
  5 orc priests
  A gnoll shaman (D:6)
  A jelly (D:6)
  A centaur skeleton (D:5)
  2 orc wizards
  An iguana (D:5)
  Ijyb (D:3)
  4 worker ants
  A hound skeleton (D:4)
  9 gnolls
  5 adders
  A shadow imp (D:3)
  An ufetubus (D:8)
  2 oozes
  An adder zombie (D:2)
  An adder skeleton (D:5)
  5 worms
  2 dart slugs
  8 leopard geckos
  10 orcs
  4 giant cockroaches
  14 goblins
  13 hobgoblins
  9 jackals
  5 quokkas
  2 ball pythons
  A ball python skeleton (D:2)
  3 bats
  6 frilled lizards
  20 kobolds
  A quokka skeleton (D:7)
  10 rats
167 creatures vanquished.

Vanquished Creatures (collateral kills)
  A kobold (D:6)
1 creature vanquished.

Vanquished Creatures (others)
  An ogre (D:6)
  A plant (D:6)
2 creatures vanquished.

Grand Total: 170 creatures vanquished

Notes
Turn   | Place    | Note
-------+----------+-------------------------------------------
     0 | D:1      | Apogee the Gnoll Wanderer began the quest for the Orb.
     0 | D:1      | Apogee set off with the following items: a +2 mace, a +0
                  | ring mail, a potion of lignification {!q}
     0 | D:1      | Reached XP level 1. HP: 26/26 MP: 1/1
   135 | D:1      | Reached XP level 2. HP: 32/33 MP: 2/2
   379 | D:1      | Reached XP level 3. HP: 36/38 MP: 3/3
   459 | D:1      | Reached skill level 1 in Invocations
   868 | D:2      | Found a transporter.
   877 | D:2      | Reached skill level 1 in Short Blades
   877 | D:2      | Reached skill level 1 in Long Blades
   877 | D:2      | Reached skill level 1 in Axes
   877 | D:2      | Reached skill level 1 in Polearms
   877 | D:2      | Reached skill level 1 in Staves
   877 | D:2      | Reached skill level 1 in Slings
   877 | D:2      | Reached skill level 1 in Bows
   877 | D:2      | Reached skill level 1 in Crossbows
   877 | D:2      | Reached skill level 1 in Throwing
   877 | D:2      | Reached skill level 1 in Dodging
   877 | D:2      | Reached skill level 1 in Stealth
   877 | D:2      | Reached skill level 1 in Unarmed Combat
   877 | D:2      | Reached skill level 1 in Spellcasting
   877 | D:2      | Reached skill level 1 in Evocations
   877 | D:2      | Reached XP level 4. HP: 45/45 MP: 5/5
   892 | D:2      | Noticed Menkaure
   892 | D:2      | Found a basalt altar of Yredelemnul.
   892 | D:2      | Found an ancient bone altar of Kikubaaqudgha.
   907 | D:2      | Killed Menkaure
   907 | D:2      | Reached skill level 1 in Conjurations
   907 | D:2      | Reached skill level 1 in Hexes
   907 | D:2      | Reached skill level 1 in Summonings
   907 | D:2      | Reached skill level 1 in Necromancy
   907 | D:2      | Reached skill level 1 in Translocations
   907 | D:2      | Reached skill level 1 in Transmutations
   907 | D:2      | Reached skill level 1 in Fire Magic
   907 | D:2      | Reached skill level 1 in Ice Magic
   907 | D:2      | Reached skill level 1 in Air Magic
   907 | D:2      | Reached skill level 1 in Earth Magic
   907 | D:2      | Reached skill level 1 in Poison Magic
   907 | D:2      | Reached XP level 5. HP: 8/51 MP: 5/7
  1164 | D:2      | Found a transporter.
  1407 | D:2      | Reached XP level 6. HP: 57/57 MP: 8/8
  2003 | D:3      | Noticed Ijyb
  2015 | D:3      | Killed Ijyb
  2165 | D:3      | Reached skill level 5 in Maces & Flails
  2165 | D:3      | Reached skill level 5 in Armour
  2165 | D:3      | Reached skill level 5 in Shields
  2671 | D:4      | Found Bohicheq's Antique Armour Emporium.
  2927 | D:4      | Found a staircase to the Ecumenical Temple.
  2952 | Temple   | Entered the Ecumenical Temple
  2961 | Temple   | Became a worshipper of Sif Muna the Loreminder
  3248 | D:5      | Entered Level 5 of the Dungeon
  3325 | D:5      | Noticed a sky beast
  3357 | D:5      | Killed a sky beast
  3357 | D:5      | Reached XP level 7. HP: 42/63 MP: 10/10
  3739 | D:5      | Reached skill level 9 in Fighting
  3884 | D:5      | Reached XP level 8. HP: 57/71 MP: 12/12
  4169 | D:6      | Found a radiant altar of Vehumet.
  4180 | D:6      | You fall into a shaft and drop 2 floors!
  4930 | D:7      | Reached * piety under Sif Muna
  5193 | D:8      | Noticed a two-headed ogre
  5197 | D:8      | Noticed Joseph
  5441 | D:6      | Found a shimmering altar of Xom.
  5914 | D:6      | Reached XP level 9. HP: 66/76 MP: 14/14
  6754 | D:6      | HP: 3/77 [wight/+4 morningstar (15)]
  6754 | D:6      | Mangled by a wight

Illustrated notes

Levels and vault maps discovered:
D:1:      dpeg_arrival_court, layout_rooms, minmay_misc_feat_enclosed
D:2:      layout_loops_cross, gammafunk_temple_of_torment
D:3:      layout_loops_corners, uniq_ijyb
D:4:      layout_cave_pools, minmay_temple_entry_water_ring, serial_shops,
          nicolae_shop_stone
D:5:      layout_rooms, minivault_27, roderic_serpentine_path
D:6:      kennysheep_housing_project, layout_rooms, overflow_temple_1_default,
          basic_altar, gup_sewer_entry_spiral, brannock_xom_greatest_gift
D:7:      layout_basic
D:8:      layout_loops_cross, tgw_trog, uniq_joseph
Temple:   regret_index_temple_mists

Skill      XL: |  1  2  3  4  5  6  7  8  9 |
---------------+----------------------------+-----
Invocations    | 1 2 3 4 |  4.4
Short Blades   | 1 2 3 4 |  4.0
Long Blades    | 1 2 3 4 |  4.0
Axes           | 1 2 3 4 |  4.0
Polearms       | 1 2 3 4 |  4.0
Staves         | 1 2 3 4 |  4.0
Slings         | 1 2 3 4 |  4.0
Bows           | 1 2 3 4 |  4.0
Crossbows      | 1 2 3 4 |  4.0
Throwing       | 1 2 3 4 |  4.0
Dodging        | 1 2 3 4 |  4.0
Stealth        | 1 2 3 4 |  4.0
Unarmed Combat | 1 2 3 4 |  4.0
Spellcasting   | 1 2 3 4 |  4.0
Evocations     | 1 2 3 4 |  4.0
Conjurations   | 1 2 3 |  3.3
Hexes          | 1 2 3 |  3.3
Summonings     | 1 2 3 |  3.3
Necromancy     | 1 2 3 |  3.3
Translocations | 1 2 3 |  3.3
Transmutations | 1 2 3 |  3.3
Fire Magic     | 1 2 3 |  3.3
Ice Magic      | 1 2 3 |  3.3
Air Magic      | 1 2 3 |  3.3
Earth Magic    | 1 2 3 |  3.3
Poison Magic   | 1 2 3 |  3.3
Maces & Flails | 5 6 |  6.2
Armour         | 5 6 |  6.2
Shields        | 5 6 |  6.2
Fighting       | 9 |  9.5

Action                   |  1- 3 |  4- 6 |  7- 9 || total
-------------------------+-------+-------+-------++-------
Melee: Whip              |    69 |   215 |   201 ||   485
       Mace              |     1 |       |       ||     1
       Bite              |     3 |    24 |    19 ||    46
       Punch             |       |     4 |     2 ||     6
 Fire: Shortbow          |       |       |   102 ||   102
Throw: Dart              |       |       |     2 ||     2
Evoke: Wand              |       |       |     1 ||     1
  Use: Potion            |       |       |     1 ||     1
Armor: Ring mail         |    11 |       |       ||    11
       Scale mail        |    20 |    68 |    54 ||   142
Dodge: Dodged            |    34 |    94 |   102 ||   230

Table legend: (Time is in decaauts)
 A = Elapsed time spent in this place.
 B = Non-inter-level travel time spent in this place.
 C = Inter-level travel time spent in this place.
 D = Time resting spent in this place.
 E = Time spent auto-exploring this place.
 F = Levels seen in this place.
 G = Mean time per level.
                   A        B        C        D        E       F      G
               +--------+--------+--------+--------+--------+-----+--------+
         Total |   6670 |   6495 |    175 |    648 |   4369 |   9 |  741.1 |
       Dungeon |   6646 |   6481 |    165 |    648 |   4369 |   8 |  830.8 |
        Temple |     24 |     14 |     10 |      0 |      0 |   1 |   24.0 |
               +--------+--------+--------+--------+--------+-----+--------+

Top non-repeatable levels by time:
     D:6: 1227 daAuts
     D:5: 1077 daAuts
     D:7: 1049 daAuts
     D:2: 1018 daAuts
     D:3: 810 daAuts
     D:1: 808 daAuts
     D:4: 553 daAuts
     D:8: 102 daAuts
  Temple: 24 daAuts
